 Dungeon Crawl Stone Soup version 0.23-a0-309-ge7838e6 (webtiles) character file.

1456 Ijustatesigmund the Shield-Bearer (level 8, -1/46 HPs)
             Began as an Octopode Wizard on Oct 11, 2018.
             Slain by an ice beast (2 damage)
             ... on level 5 of the Dungeon.
             The game lasted 00:17:05 (8044 turns).

Ijustatesigmund the Shield-Bearer (Octopode Wizard) Turns: 8044, Time: 00:17:06

Health: -1/46      AC:  1    Str:  7    XL:     8   Next: 76%
Magic:  1/12       EV: 13    Int: 22    God:
Gold:   269        SH:  5    Dex: 12    Spells: 7/13 levels left

rFire    . . .     SeeInvis .   p - -2 whip (curse)
rCold    . . .     Gourm    .   f - +0 buckler
rNeg     . . .     Faith    .   a - +0 hat
rPois    .         Spirit   .   (no amulet)
rElec    .         Reflect  .   b - +2 ring of intelligence
rCorr    .         Harm     .   l - +2 ring of slaying
MR       .....     Rnd*Tele +   q - ring of stealth
Stlth    ++++......             g - ring of teleportation (curse)
HPRegen  0.15/turn              (no ring)
MPRegen  0.13/turn              (no ring)
                                (no ring)
                                (no ring)

@: no status effects
A: almost no armour, stealthy swim, amphibious, 8 rings, constrict 8, camouflage
1, gelatinous body 1
a: no special abilities


You were on level 5 of the Dungeon.
You were not hungry.

You visited 1 branch of the dungeon, and saw 5 of its levels.

You collected 324 gold pieces.
You spent 55 gold pieces at shops.

Inventory:

Hand Weapons
 c - a +0 rapier
 p - a cursed -2 whip (weapon)
 s - a +2 dagger of venom
Armour
 a - a +0 hat (worn)
 f - a +0 buckler (worn)
Jewellery
 b - a +2 ring of intelligence (left tentacle)
 g - a cursed ring of teleportation (on tentacle)
 l - a +2 ring of slaying (right tentacle)
 q - a ring of stealth (on tentacle)
Wands
 d - a wand of clouds (4)
 r - a wand of enslavement (8)
Potions
 e - a potion of lignification
 h - a potion of curing
 i - a potion of might
 j - 3 potions of agility {unknown}
 k - a potion of magic
 m - a potion of flight {unknown}
 o - a potion of ambrosia {unknown}
Comestibles
 n - 2 rations
 t - 2 chunks of flesh


   Skills:
 - Level 2.0 Dodging
 - Level 2.6 Stealth
 + Level 5.9 Shields
 - Level 3.0 Spellcasting
 - Level 4.5 Conjurations
   Level 1.0 Summonings
 - Level 3.8 Translocations
 + Level 5.5 Air Magic
 - Level 2.3 Poison Magic


You had 7 spell levels left.
You knew the following spells:

 Your Spells              Type           Power        Failure   Level  Hunger
a - Magic Dart            Conj           ###.         1%          1    None
b - Blink                 Tloc           N/A          4%          2    ##.....
c - Mephitic Cloud        Conj/Pois/Air  ###.....     7%          3    ###....

Your spell library contained the following spells:

 Spells                   Type           Power        Failure   Level  Hunger
 Call Imp                 Summ           #.......     12%         2    ##.....
 Conjure Flame            Conj/Fire      ##......     14%         3    ###....
 Slow                     Hex            #.......     19%         2    ##.....


Dungeon Overview and Level Annotations

Branches:
Dungeon (5/15)
 Temple: D:4-7

Altars:
Ashenzari
Fedhas
Sif Muna
Zin

Shops:
D:4 !


Innate Abilities, Weirdness & Mutations

You cannot wear most types of armour.
You are very stealthy in the water. (Stealth+)
You are amphibious.
You can wear up to eight rings at the same time.
You can use your tentacles to constrict eight enemies at once.
Your skin changes colour to match your surroundings (Stealth+).
Your rubbery body absorbs attacks. (AC +1, EV +1)


Message History

You barely miss the ice beast.
The ice beast is almost dead.
You block the ice beast's attack.
You hit the ice beast but do no damage.
You squeeze the ice beast, but do no damage.
The ice beast is almost dead.
The ice beast hits you.
* * * LOW HITPOINT WARNING * * *
The ice beast freezes you!
* * * LOW HITPOINT WARNING * * *
Casting: Magic Dart (safe; 1% risk of failure)
Confirm with . or Enter, or press ? or * to list all spells.
You don't have enough magic to cast that spell.
Okay, then.
Evoke which item? (* to show all) (? for menu, Esc to quit)
Aiming: Cloud Cone
Press: ? - help, Dir - move target cursor, f/p - ice beast
Aim: an ice beast (almost dead)
You create a blast of noxious fumes!
The ice beast hits you.
You die...

... #..# #....#
#..# ###......#
###.. ###.........#
#....
§§§§§.......###.###
#§§§. .......#.....
#§§§ #..........
#.Y# #.##.#.##..
#@# #..#⌠.##+ #.#
.....#..... #.#
#..#####.... #.#
##.......... #.##
#.#...+..._
#..#####.#...#....
##...##..#####....
##.........#.....
##..#.....#⌠...+


You could see an ice beast.

Vanquished Creatures
  Sigmund (D:2)
  A centaur (D:5)
  5 ogres
  A crimson imp (D:5)
  4 hounds (D:4)
  A bullfrog skeleton (D:5)
  An orc priest (D:5)
  2 centaur skeletons
  3 worker ants
  3 orc wizards
  A gnoll (D:1)
  3 adders
  3 worms
  4 leopard geckos
  4 orcs
  7 bats
  4 giant cockroaches
  4 goblins
  5 hobgoblins
  10 jackals
  8 kobolds
  A quokka (D:5)
  2 ball pythons
  3 frilled lizards
  A jackal zombie (D:5)
  10 rats
92 creatures vanquished.

Notes
Turn   | Place    | Note
-------+----------+-------------------------------------------
     0 | D:1      | Ijustatesigmund the Octopode Wizard began the quest for the
                  | Orb.
     0 | D:1      | Reached XP level 1. HP: 11/11 MP: 4/4
   346 | D:1      | Reached XP level 2. HP: 5/17 MP: 0/6
   585 | D:1      | Learned a level 2 spell: Blink
   911 | D:1      | Reached XP level 3. HP: 21/21 MP: 0/7
  2101 | D:2      | You fall through a shaft for 2 floors!
  2208 | D:4      | Learned a level 3 spell: Mephitic Cloud
  2224 | D:4      | Reached XP level 4. HP: 13/27 MP: 1/8
  2552 | D:4      | Reached XP level 5. HP: 15/31 MP: 3/9
  2832 | D:4      | Noticed an ogre
  2877 | D:4      | Killed an ogre
  3129 | D:4      | Reached XP level 6. HP: 30/36 MP: 6/10
  3209 | D:4      | Found Wamnail's Distillery.
  3224 | D:4      | Bought a potion of heal wounds for 55 gold pieces
  3884 | D:2      | Found a blossoming altar of Fedhas.
  4523 | D:2      | Noticed Sigmund
  4532 | D:2      | Killed Sigmund
  4532 | D:2      | Reached skill level 1 in Air Magic
  4532 | D:2      | Reached skill level 1 in Poison Magic
  4906 | D:2      | Reached XP level 7. HP: 41/41 MP: 2/11
  6974 | D:4      | Found a deep blue altar of Sif Muna.
  7134 | D:5      | Entered Level 5 of the Dungeon
  7414 | D:5      | Reached XP level 8. HP: 29/46 MP: 2/12
  7570 | D:5      | Reached skill level 5 in Shields
  7822 | D:5      | Found a glowing silver altar of Zin.
  7835 | D:5      | Found a shattered altar of Ashenzari.
  7943 | D:5      | Reached skill level 5 in Air Magic
  8043 | D:5      | HP: 1/46 [ice beast (10)]
  8044 | D:5      | Slain by an ice beast

Vault maps used:
D:1:      co_arrival_square_in_a_square_in_a_square, corner_web_ring
D:2:      first_ration, grunt_ministairs_13, fedhas_altar_1, uniq_sigmund
D:3:      minmay_door_path, minmay_splitting_lines
D:4:      lemuel_crystal_altar, serial_shops, nicolae_shop_window_shopping
D:5:      evilmike_ruin_ashenzari, zin_scriptorium, temple_statues

Skill      XL: |  1  2  3  4  5  6  7  8 |
---------------+-------------------------+-----
Conjurations   | 2 3 4 |  4.5
Translocations | 2 3 |  3.8
Shields        | 2 4 5 |  5.9
Air Magic      | 1 4 5 |  5.5
Poison Magic   | 1 2 |  2.3
Dodging        | |  2.0
Stealth        | |  2.6
Spellcasting   | |  3.0
Summonings     | |  1.0

Action                   |  1- 3 |  4- 6 |  7- 9 || total
-------------------------+-------+-------+-------++-------
Melee: Unarmed           |     7 |       |       ||     7
       Tentacles         |     5 |     4 |    13 ||    22
       Constrict         |     4 |     7 |    10 ||    21
       Whip              |     6 |    10 |     2 ||    18
       Rapier            |       |    17 |       ||    17
       Dagger            |       |       |    65 ||    65
 Cast: Magic Dart        |    64 |    62 |    92 ||   218
       Mephitic Cloud    |     1 |     2 |     5 ||     8
       Blink             |       |       |     2 ||     2
Evoke: Wand              |       |       |     1 ||     1
  Use: Potion            |     1 |     2 |     4 ||     7
       Scroll            |       |     4 |     2 ||     6
 Stab: Sleeping          |       |     2 |       ||     2
  Eat: Chunk             |     4 |     1 |     7 ||    12
       Ration            |       |     2 |     1 ||     3
Armor: Skin              |     2 |     2 |     4 ||     8
Dodge: Dodged            |    20 |    22 |    32 ||    74
Block: Buckler           |       |     2 |    13 ||    15

Table legend:
 A = Non-vault XP
 B = Vault XP
 C = Vault XP percentage of total XP
 D = Non-vault monster count
 E = Vault monster count
 F = Vault count percentage of total count
                 A         B        C        D         E       F
            +---------+---------+-------+---------+---------+-------
      Total |    1730 |     351 |  16.9 |      86 |       6 |   6.5
            +---------+---------+-------+---------+---------+-------
        D:1 |      45 |       0 |   0.0 |      22 |       0 |   0.0
        D:2 |      51 |     226 |  81.6 |      11 |       3 |  21.4
        D:3 |      24 |     125 |  83.9 |      12 |       3 |  20.0
        D:4 |     600 |       0 |   0.0 |      23 |       0 |   0.0
        D:5 |    1010 |       0 |   0.0 |      18 |       0 |   0.0
            +---------+---------+-------+---------+---------+-------
